[Event "ESP-chT Primera Division 2019"]
[Site "Linares"]
[Date "2019.08.31"]
[Round "6.3"]
[White "Rubio Mejia, Luis Ignacio"]
[Black "Martins, David Pires Tavares"]
[Result "1/2-1/2"]
[ECO "A41"]
[WhiteElo "2435"]
[BlackElo "2427"]
[Annotator "NA"]
[PlyCount "74"]
[EventDate "2019.08.26"]
[EventType "team-tourn"]
[EventCountry "ESP"]
[SourceTitle "playchess.com"]
[Source "ChessBase"]
[SourceQuality "1"]
[TimeControl "5400+30"]

1. d4 d6 2. c4 f5 3. Nc3 Nf6 4. Bg5 Nbd7 5. Qc2 g6 6. h4 c5 7. dxc5 dxc5 8. O-O-O Bg7 9. Nh3 h6 10. Bxf6 Bxf6 11. Nf4 Kf7 12. h5 g5 13. Ng6 Re8 14. Qxf5 Kg7 15. Ne4 Nb6 16. Rxd8 Bxf5 17. Rxa8 Rxa8 18. Nxf6 Kxf6 19. e3 Nc8 20. f4 Nd6 21. Ne5 gxf4 22. exf4 Rg8 23. Rh2 Nf7 24. Nxf7 Kxf7 25. Be2 b6 26. Kd2 Bg4 27. Bd3 Kf6 28. Ke3 Be6 29. Kf2 Rd8 30. Ke3 Rd4 31. b3 Bf5 32. Bxf5 Kxf5 33. g3 Kg4 34. Rh1 Rd6 35. Rg1 Rd4 36. Ke2 a5 37. a4 Rd6 1/2-1/2

[Event "ESP-chT Primera Division 2019"]
[Site "Linares"]
[Date "2019.08.31"]
[Round "6.4"]
[White "Sousa, Andre Ventura"]
[Black "Almagro Llamas, Pablo"]
[Result "1/2-1/2"]
[ECO "B90"]
[WhiteElo "2362"]
[BlackElo "2453"]
[Annotator "ChessBase"]
[PlyCount "75"]
[EventDate "2019.08.26"]
[EventType "team-tourn"]
[EventCountry "ESP"]
[SourceTitle "playchess.com"]
[Source "ChessBase"]
[SourceQuality "1"]
[TimeControl "5400+30"]

1. e4 c5 2. Nf3 d6 3. d4 cxd4 4. Nxd4 Nf6 5. Nc3 a6 6. f3 Qb6 7. g4 Nc6 8. Nb3 e6 9. Qe2 Qc7 10. Be3 b5 11. O-O-O Ne5 12. g5 Nfd7 13. f4 Nc4 14. Bd4 Ndb6 15. Bg2 Bd7 16. f5 b4 17. fxe6 fxe6 18. Nd5 Nxd5 19. exd5 e5 20. Nc5 dxc5 21. Qxc4 Bd6 22. Bxe5 O-O 23. Bg3 Bb5 24. Qh4 c4 25. Be4 g6 26. Qh6 Bf4+ 27. Kb1 Qd6 28. Bg2 b3 29. cxb3 cxb3 30. Bh3 Bd7 31. Rhe1 bxa2+ 32. Ka1 Rab8 33. Be6+ Bxe6 34. Rxe6 Qb4 35. Rxg6+ hxg6 36. Qxg6+ Kh8 37. Qh6+ Kg8 38. Qg6+ 1/2-1/2

[Event "ESP-chT Primera Division 2019"]
[Site "Linares"]
[Date "2019.08.31"]
[Round "6.6"]
[White "Hernandez Estevez, Yudania"]
[Black "Rodrigo Yanguas, Maria"]
[Result "1-0"]
[ECO "B51"]
[WhiteElo "2247"]
[BlackElo "2079"]
[Annotator "NA"]
[PlyCount "75"]
[EventDate "2019.08.26"]
[EventType "team-tourn"]
[EventCountry "ESP"]
[SourceTitle "playchess.com"]
[Source "ChessBase"]
[SourceQuality "1"]
[TimeControl "5400+30"]

1. e4 c5 2. Nf3 d6 3. Bb5+ Nd7 4. O-O Ngf6 5. Nc3 a6 6. Bxd7+ Nxd7 7. d4 cxd4 8. Qxd4 e5 9. Qe3 Be7 10. Rd1 O-O 11. b3 Qa5 12. a4 Nf6 13. Ba3 Rd8 14. Nd5 Nxd5 15. Rxd5 Qc7 16. Rad1 Be6 17. R5d2 h6 18. Bb4 b6 19. c4 Rab8 20. Rd3 f5 21. Qe1 fxe4 22. Qxe4 b5 23. axb5 axb5 24. Nd4 Bxc4 25. bxc4 exd4 26. Rxd4 bxc4 27. Qd5+ Kh8 28. Ba5 Qa7 29. Bxd8 Bxd8 30. Qxc4 Bb6 31. Rf4 Bc5 32. Rf7 Qa3 33. Qg4 Qc3 34. h4 Qb2 35. g3 Qc3 36. Kg2 Qb2 37. Rb1 Rb4 38. Qc8+ 1-0

[Event "ESP-chT Primera Division 2019"]
[Site "Linares"]
[Date "2019.08.31"]
[Round "6.10"]
[White "Cramling, Pia"]
[Black "Arizmendi Martinez, Julen Luis"]
[Result "1/2-1/2"]
[ECO "D38"]
[WhiteElo "2493"]
[BlackElo "2512"]
[Annotator "ChessBase"]
[PlyCount "76"]
[EventDate "2019.08.26"]
[EventType "team-tourn"]
[EventCountry "ESP"]
[SourceTitle "playchess.com"]
[Source "ChessBase"]
[SourceQuality "1"]
[TimeControl "5400+30"]

1. Nf3 d5 2. d4 Nf6 3. c4 e6 4. Nc3 Bb4 5. Qb3 c5 6. dxc5 Na6 7. a3 Bxc3+ 8. Qxc3 Nxc5 9. cxd5 Nce4 10. Qd4 Qxd5 11. Qxd5 Nxd5 12. Ne5 Nc5 13. b4 Nb3 14. Rb1 Nxc1 15. Rxc1 f6 16. Nc4 f5 17. g3 Ke7 18. Bg2 Bd7 19. Bxd5 exd5 20. Ne5 Rhc8 21. Kd2 Kd6 22. Nf7+ Ke7 23. Ne5 Kd6 24. Nf7+ Ke7 25. Ng5 h6 26. Nf3 Kd6 27. Rxc8 Rxc8 28. Rc1 Rf8 29. Nd4 f4 30. f3 fxg3 31. hxg3 h5 32. Rh1 g6 33. e3 Ra8 34. f4 a5 35. f5 Bxf5 36. Nxf5+ gxf5 37. Rxh5 axb4 38. axb4 Rg8 1/2-1/2

[Event "ESP-chT Primera Division 2019"]
[Site "Linares"]
[Date "2019.08.31"]
[Round "6.11"]
[White "Llobell Cortell, Enrique"]
[Black "Castellanos Rodriguez, Renier"]
[Result "1/2-1/2"]
[ECO "A45"]
[WhiteElo "2400"]
[BlackElo "2493"]
[Annotator "ChessBase"]
[PlyCount "67"]
[EventDate "2019.08.26"]
[EventType "team-tourn"]
[EventCountry "ESP"]
[SourceTitle "playchess.com"]
[Source "ChessBase"]
[SourceQuality "1"]
[TimeControl "5400+30"]

1. d4 Nf6 2. Bg5 e6 3. e4 h6 4. Bxf6 Qxf6 5. c3 d6 6. Bc4 g6 7. Ne2 Bg7 8. O-O O-O 9. f4 Qe7 10. Nd2 e5 11. dxe5 dxe5 12. f5 Kh7 13. Kh1 Nd7 14. Qc2 Nf6 15. h3 Bd7 16. Ng3 Rad8 17. Rad1 b5 18. Bb3 h5 19. Nf3 Bh6 20. c4 Qc5 21. cxb5 Qxc2 22. Bxc2 Bxb5 23. fxg6+ fxg6 24. Rxd8 Rxd8 25. Re1 Bf4 26. Ne2 Bxe2 27. Rxe2 Kh6 28. Kg1 g5 29. Kf2 g4 30. Nh4 g3+ 31. Ke1 Rb8 32. b3 Rd8 33. Nf3 Nh7 34. Bb1 1/2-1/2

[Event "ESP-chT Primera Division 2019"]
[Site "Linares"]
[Date "2019.08.31"]
[Round "6.12"]
[White "Oliva Castaneda, Kevel"]
[Black "Garcia Martin, Marta"]
[Result "1-0"]
[ECO "D35"]
[WhiteElo "2479"]
[BlackElo "2313"]
[Annotator "ChessBase"]
[PlyCount "81"]
[EventDate "2019.08.26"]
[EventType "team-tourn"]
[EventCountry "ESP"]
[SourceTitle "playchess.com"]
[Source "ChessBase"]
[SourceQuality "1"]
[TimeControl "5400+30"]

1. d4 d5 2. c4 e6 3. Nc3 Nf6 4. cxd5 exd5 5. Bg5 Be7 6. e3 c6 7. Bd3 Nbd7 8. Nge2 Nf8 9. Qc2 Ne6 10. Bh4 g6 11. O-O O-O 12. Rad1 Nh5 13. Bxe7 Qxe7 14. f3 Ng5 15. Qd2 Re8 16. f4 Ne6 17. g4 Nf6 18. g5 Nh5 19. Ng3 Neg7 20. Kf2 Bh3 21. Rg1 Rad8 22. Be2 c5 23. Nxh5 gxh5 24. Bf3 Bg4 25. Nxd5 Rxd5 26. Bxd5 Bxd1 27. Rxd1 cxd4 28. e4 Qd7 29. Qd3 Ne6 30. Qf3 Qc7 31. Kg3 h4+ 32. Kg4 Qc2 33. h3 Qxb2 34. Kxh4 Qh2 35. Rf1 Rc8 36. f5 Nf8 37. Qh5 Qc7 38. g6 Qd8+ 39. Kg4 Rc3 40. Bxf7+ Kh8 41. Qh6 1-0

[Event "ESP-chT Primera Division 2019"]
[Site "Linares"]
[Date "2019.08.31"]
[Round "6.13"]
[White "Delorme, Axel"]
[Black "Kokarev, Dmitry"]
[Result "1/2-1/2"]
[ECO "B52"]
[WhiteElo "2489"]
[BlackElo "2598"]
[Annotator "ChessBase"]
[PlyCount "68"]
[EventDate "2019.08.26"]
[EventType "team-tourn"]
[EventCountry "ESP"]
[SourceTitle "playchess.com"]
[Source "ChessBase"]
[SourceQuality "1"]
[TimeControl "5400+30"]

1. e4 c5 2. Nf3 d6 3. Bb5+ Bd7 4. Bxd7+ Qxd7 5. c4 Nf6 6. Nc3 g6 7. d4 cxd4 8. Nxd4 Bg7 9. f3 Qc7 10. b3 Qa5 11. Bd2 Nc6 12. Nce2 Qb6 13. Be3 Qa5+ 14. Bd2 Qc7 15. Be3 Nxd4 16. Nxd4 Qa5+ 17. Qd2 Qxd2+ 18. Kxd2 a6 19. Rac1 Nd7 20. Nc2 e6 21. Nb4 Ke7 22. Nd3 Rac8 23. Bg5+ f6 24. Be3 f5 25. exf5 gxf5 26. g4 fxg4 27. fxg4 Nf6 28. Nf2 b5 29. g5 Nd7 30. Nd3 bxc4 31. bxc4 Rc6 32. Nb4 Rcc8 33. Nd3 Rc6 34. Nb4 Rcc8 1/2-1/2

[Event "ESP-chT Primera Division 2019"]
[Site "Linares"]
[Date "2019.08.31"]
[Round "6.14"]
[White "Volkov, Sergey"]
[Black "Alsina Leal, Daniel"]
[Result "1/2-1/2"]
[ECO "D97"]
[WhiteElo "2547"]
[BlackElo "2477"]
[Annotator "ChessBase"]
[PlyCount "49"]
[EventDate "2019.08.26"]
[EventType "team-tourn"]
[EventCountry "ESP"]
[SourceTitle "playchess.com"]
[Source "ChessBase"]
[SourceQuality "1"]
[TimeControl "5400+30"]

1. d4 Nf6 2. c4 g6 3. Nc3 d5 4. Nf3 Bg7 5. Qb3 dxc4 6. Qxc4 O-O 7. e4 a6 8. e5 b5 9. Qb3 Nfd7 10. Be2 c5 11. e6 cxd4 12. exf7+ Kh8 13. Ne4 Bb7 14. Nfg5 Bxe4 15. Nxe4 Ne5 16. Ng5 d3 17. Bf3 Nxf3+ 18. Nxf3 Nc6 19. O-O e5 20. Re1 Na5 21. Qe6 Qc8 22. Qe7 Qd8 23. Qe6 Qc8 24. Qe7 Qd8 25. Qe6 1/2-1/2

[Event "ESP-chT Primera Division 2019"]
[Site "Linares"]
[Date "2019.08.31"]
[Round "6.15"]
[White "Alonso Moyano, Jonathan"]
[Black "Cuenca Jimenez, Jose Fernando"]
[Result "0-1"]
[ECO "C45"]
[WhiteElo "2358"]
[BlackElo "2515"]
[Annotator "ChessBase"]
[PlyCount "74"]
[EventDate "2019.08.26"]
[EventType "team-tourn"]
[EventCountry "ESP"]
[SourceTitle "playchess.com"]
[Source "ChessBase"]
[SourceQuality "1"]
[TimeControl "5400+30"]

1. e4 e5 2. Nf3 Nc6 3. d4 exd4 4. Nxd4 Bc5 5. Nxc6 bxc6 6. Bd3 d6 7. O-O Nf6 8. h3 Nd7 9. Qe2 O-O 10. Be3 Bb6 11. Nc3 Re8 12. Rfe1 Ne5 13. f4 Nxd3 14. cxd3 d5 15. Bxb6 axb6 16. a3 d4 17. Nb1 Qh4 18. Rf1 f5 19. Nd2 c5 20. Kh2 Bb7 21. g3 Qe7 22. e5 Qe6 23. h4 h6 24. Rae1 Re7 25. Nf3 Rd8 26. h5 c4 27. Nh4 cxd3 28. Qxd3 Be4 29. Qd2 c5 30. g4 c4 31. Rg1 Rc7 32. Rg3 Rdd7 33. gxf5 Bxf5 34. Qg2 Rf7 35. Rg1 c3 36. bxc3 dxc3 37. Rc1 c2 0-1

[Event "ESP-chT Primera Division 2019"]
[Site "Linares"]
[Date "2019.08.31"]
[Round "6.18"]
[White "Antunez Munoz, Ines"]
[Black "Garcia-Castany Musellas, Gal.la"]
[Result "1/2-1/2"]
[ECO "C44"]
[WhiteElo "1891"]
[BlackElo "2149"]
[Annotator "NA"]
[PlyCount "96"]
[EventDate "2019.08.26"]
[EventType "team-tourn"]
[EventCountry "ESP"]
[SourceTitle "playchess.com"]
[Source "ChessBase"]
[SourceQuality "1"]
[TimeControl "5400+30"]

1. e4 e5 2. Nf3 Nc6 3. d4 exd4 4. Nxd4 Nf6 5. Nxc6 bxc6 6. Qe2 Qe7 7. Nc3 Qe6 8. Bd2 Bb4 9. e5 Bxc3 10. Bxc3 Nd5 11. Bd2 a5 12. f4 Nb4 13. Bxb4 axb4 14. Qc4 O-O 15. Be2 Qe7 16. O-O Ba6 17. Qe4 Qc5+ 18. Kh1 d5 19. Qf3 Qxc2 20. Bxa6 Rxa6 21. f5 Qxb2 22. f6 Qxe5 23. Qg4 g6 24. Rae1 Qh5 25. Qf4 h6 26. Re5 g5 27. Qxb4 Rxa2 28. Rfe1 Raa8 29. Qc5 Rab8 30. Qa3 Qg6 31. Qe7 d4 32. Qd7 Qxf6 33. Qxd4 Rbe8 34. h3 Kg7 35. Qc5 Rxe5 36. Rxe5 Rd8 37. Re1 Rd5 38. Qc4 Rf5 39. Rc1 c5 40. Qb5 c6 41. Qc4 Rf4 42. Qxc5 Rf1+ 43. Rxf1 Qxf1+ 44. Kh2 Qf4+ 45. Kh1 Qe4 46. Qc3+ f6 47. Qc5 Qe1+ 48. Kh2 Qe5+ 1/2-1/2

[Event "ESP-chT Primera Division 2019"]
[Site "Linares"]
[Date "2019.08.31"]
[Round "6.22"]
[White "Gonzalez Guedes, Iyan"]
[Black "Vaya Gomez, Alejandro"]
[Result "1-0"]
[ECO "B06"]
[WhiteElo "2115"]
[BlackElo "2032"]
[Annotator "NA"]
[PlyCount "63"]
[EventDate "2019.08.26"]
[EventType "team-tourn"]
[EventCountry "ESP"]
[SourceTitle "playchess.com"]
[Source "ChessBase"]
[SourceQuality "1"]
[TimeControl "5400+30"]

1. e4 g6 2. d4 Bg7 3. Nc3 d6 4. Be3 a6 5. Qd2 b5 6. f3 Bb7 7. h4 Nd7 8. h5 c5 9. g4 Qc7 10. h6 Bf8 11. d5 O-O-O 12. g5 Kb8 13. Nh3 Re8 14. O-O-O e5 15. dxe6 fxe6 16. Nf4 Ne5 17. Qf2 b4 18. Nb1 d5 19. exd5 exd5 20. Nxd5 Qf7 21. c4 Qxf3 22. Qxf3 Nxf3 23. Bf4+ Ka7 24. Bg2 Nd4 25. Rhe1 Ne7 26. Bd6 Nxd5 27. Rxe8 Bxd6 28. Rxh8 Bf4+ 29. Nd2 b3 30. axb3 Nxb3+ 31. Kb1 Ne3 32. Bxb7 1-0

[Event "ESP-chT Primera Division 2019"]
[Site "Linares"]
[Date "2019.09.01"]
[Round "7.1"]
[White "Alonso Alvarez, Aitor"]
[Black "Espinosa Aranda, Angel"]
[Result "0-1"]
[ECO "A37"]
[WhiteElo "2305"]
[BlackElo "2497"]
[Annotator "ChessBase"]
[PlyCount "110"]
[EventDate "2019.08.26"]
[EventType "team-tourn"]
[EventCountry "ESP"]
[SourceTitle "playchess.com"]
[Source "ChessBase"]
[SourceQuality "1"]
[TimeControl "5400+30"]

1. Nf3 c5 2. c4 Nc6 3. Nc3 g6 4. g3 Bg7 5. Bg2 e6 6. d3 Nge7 7. Bd2 b6 8. h4 h5 9. a3 Bb7 10. Rb1 Ne5 11. b4 Bxf3 12. Bxf3 Nxf3+ 13. exf3 cxb4 14. axb4 d5 15. Qa4+ Qd7 16. O-O Bxc3 17. Qxd7+ Kxd7 18. Bxc3 Rhc8 19. Rfd1 Ke8 20. Bf6 dxc4 21. dxc4 Rxc4 22. Bxe7 Kxe7 23. b5 Rac8 24. Ra1 R8c7 25. Ra3 Rc1 26. Rxc1 Rxc1+ 27. Kg2 Rc7 28. f4 Kd7 29. Kf3 Kc8 30. Ke4 f6 31. f3 Kb7 32. g4 Rc4+ 33. Ke3 Rb4 34. Rd3 Rxb5 35. Rd6 Rb3+ 36. Ke2 hxg4 37. fxg4 Rg3 38. g5 fxg5 39. fxg5 Rg4 40. Rxe6 Rxh4 41. Rxg6 a5 42. Kd3 Rg4 43. Rg8 Ka6 44. g6 b5 45. g7 Kb7 46. Kc2 a4 47. Kb2 Rg3 48. Ka2 Ka7 49. Kb2 b4 50. Kc2 a3 51. Rf8 b3+ 52. Kd2 a2 53. Rf7+ Kb6 54. Rf6+ Kb5 55. Rf5+ Kb4 0-1

[Event "ESP-chT Primera Division 2019"]
[Site "Linares"]
[Date "2019.09.01"]
[Round "7.2"]
[White "Plazuelo Pascual, Juan"]
[Black "Andres Gonzalez, Ivan"]
[Result "1-0"]
[ECO "D35"]
[WhiteElo "2411"]
[BlackElo "2284"]
[Annotator "NA"]
[PlyCount "93"]
[EventDate "2019.08.26"]
[EventType "team-tourn"]
[EventCountry "ESP"]
[SourceTitle "playchess.com"]
[Source "ChessBase"]
[SourceQuality "1"]
[TimeControl "5400+30"]

1. d4 d5 2. c4 e6 3. Nc3 Nf6 4. cxd5 exd5 5. Bg5 c6 6. e3 Bf5 7. Qf3 Bg6 8. Bxf6 Qxf6 9. Qxf6 gxf6 10. Nf3 Nd7 11. Nh4 Be7 12. Ne2 Bb4+ 13. Kd1 Bd3 14. Ng3 Bxf1 15. Rxf1 Rg8 16. h3 Nf8 17. Nh5 Be7 18. g4 Ne6 19. Nf5 a5 20. f3 a4 21. Kc2 Kd7 22. Rad1 Ra5 23. h4 Rb5 24. Rg1 Rc8 25. Kb1 Ke8 26. g5 fxg5 27. hxg5 c5 28. Nf6+ Bxf6 29. Nd6+ Kd7 30. Nxb5 Bxg5 31. f4 Bf6 32. Nc3 Kc6 33. Nxa4 c4 34. e4 Nxf4 35. Rgf1 Bg5 36. exd5+ Kd6 37. Nb6 Re8 38. Nxc4+ Kxd5 39. Nb6+ Kc6 40. Na4 h5 41. d5+ Kd6 42. Nc3 h4 43. Rd4 Rh8 44. Ne4+ Ke5 45. Nxg5 Kxd4 46. Rxf4+ Ke3 47. Nh3 1-0

[Event "ESP-chT Primera Division 2019"]
[Site "Linares"]
[Date "2019.09.01"]
[Round "7.3"]
[White "Vergara Anton, Diego"]
[Black "Almagro Llamas, Pablo"]
[Result "0-1"]
[ECO "A47"]
[WhiteElo "2128"]
[BlackElo "2453"]
[Annotator "ChessBase"]
[PlyCount "66"]
[EventDate "2019.08.26"]
[EventType "team-tourn"]
[EventCountry "ESP"]
[SourceTitle "playchess.com"]
[Source "ChessBase"]
[SourceQuality "1"]
[TimeControl "5400+30"]

1. d4 Nf6 2. Nf3 b6 3. g3 Bb7 4. Bg2 g6 5. O-O Bg7 6. c4 O-O 7. Nc3 Ne4 8. Nxe4 Bxe4 9. b3 c5 10. Be3 Nc6 11. dxc5 bxc5 12. Bxc5 Qa5 13. Be3 d5 14. Nd4 Bxd4 15. Bxd4 Bxg2 16. Kxg2 dxc4 17. Be3 c3 18. Qc2 Rac8 19. a3 e5 20. Rfd1 Nd4 21. Bxd4 exd4 22. Rxd4 Rfd8 23. b4 Qc7 24. Rxd8+ Rxd8 25. Rc1 Qc6+ 26. e4 Rc8 27. Kg1 Qa6 28. a4 Qc4 29. b5 Rd8 30. Kg2 Rd3 31. Qe2 Rxg3+ 32. hxg3 Qxe2 33. Rxc3 Qxe4+ 0-1

[Event "ESP-chT Primera Division 2019"]
[Site "Linares"]
[Date "2019.09.01"]
[Round "7.4"]
[White "Vazquez Torres, Adrian"]
[Black "Gonzalez Guedes, Iyan"]
[Result "0-1"]
[ECO "B50"]
[WhiteElo "2143"]
[BlackElo "2115"]
[Annotator "NA"]
[PlyCount "70"]
[EventDate "2019.08.26"]
[EventType "team-tourn"]
[EventCountry "ESP"]
[SourceTitle "playchess.com"]
[Source "ChessBase"]
[SourceQuality "1"]
[TimeControl "5400+30"]

1. e4 c5 2. Nf3 d6 3. c4 e5 4. Nc3 Nc6 5. Be2 g6 6. d3 Bg7 7. Nd5 Nge7 8. Bg5 h6 9. Bf6 O-O 10. Nxe7+ Nxe7 11. Bxg7 Kxg7 12. Qd2 a6 13. h4 Nc6 14. a3 Bg4 15. Ng1 Be6 16. g4 Nd4 17. Rb1 b5 18. Nf3 Nxe2 19. Qxe2 Bxg4 20. Qe3 f5 21. exf5 Bxf3 22. Qxf3 Rxf5 23. Qb7+ Rf7 24. Qg2 Rb8 25. Rh3 Qf6 26. Rg3 bxc4 27. dxc4 Qf5 28. Rd1 Rxb2 29. Rxd6 Rf6 30. Rgd3 Qxf2+ 31. Qxf2 Rbxf2 32. Rd7+ Rf7 33. R7d5 Rh2 34. Rxe5 Rb7 35. Rd1 Rbb2 0-1

[Event "ESP-chT Primera Division 2019"]
[Site "Linares"]
[Date "2019.09.01"]
[Round "7.5"]
[White "Badillo Ramos, Steve"]
[Black "Perez De Aranda A., Leonardo I."]
[Result "0-1"]
[ECO "C41"]
[WhiteElo "1967"]
[BlackElo "2119"]
[Annotator "NA"]
[PlyCount "84"]
[EventDate "2019.08.26"]
[EventType "team-tourn"]
[EventCountry "ESP"]
[SourceTitle "playchess.com"]
[Source "ChessBase"]
[SourceQuality "1"]
[TimeControl "5400+30"]

1. e4 d6 2. d4 Nf6 3. Nc3 e5 4. Nf3 Nbd7 5. Bc4 Be7 6. O-O O-O 7. Qe2 c6 8. a4 b6 9. Rd1 Qc7 10. b3 a6 11. d5 c5 12. Qd3 Ne8 13. Ne2 Qb7 14. Ng3 b5 15. Nf5 Bf6 16. Nd2 bxc4 17. Nxc4 Qb8 18. g4 Nb6 19. g5 Bd8 20. h4 Nxc4 21. bxc4 g6 22. Nh6+ Kh8 23. f4 f6 24. f5 Ra7 25. Kh2 Rg7 26. Rg1 a5 27. Bd2 Qc7 28. Raf1 Qe7 29. Rg3 Qd7 30. Rfg1 fxg5 31. hxg5 gxf5 32. exf5 Rxf5 33. Nxf5 Qxf5 34. Qe3 Qg6 35. Qf3 Rf7 36. Qe2 Ng7 37. Rb1 Nf5 38. Rg2 Nd4 39. Qd1 Nf3+ 40. Kg3 Bxg5 41. Bxg5 Qxg5+ 42. Kf2 Nh4+ 0-1

[Event "ESP-chT Primera Division 2019"]
[Site "Linares"]
[Date "2019.09.01"]
[Round "7.6"]
[White "Arno Bendicho, Xenia"]
[Black "Bermudez Revuelta, Paula"]
[Result "1/2-1/2"]
[ECO "A37"]
[WhiteElo "1774"]
[BlackElo "1702"]
[Annotator "NA"]
[PlyCount "81"]
[EventDate "2019.08.26"]
[EventType "team-tourn"]
[EventCountry "ESP"]
[SourceTitle "playchess.com"]
[Source "ChessBase"]
[SourceQuality "1"]
[TimeControl "5400+30"]

1. c4 c5 2. Nc3 Nc6 3. g3 g6 4. Bg2 Bg7 5. Nf3 Nh6 6. O-O Nf5 7. d3 O-O 8. Rb1 d6 9. e3 Qd7 10. Ne2 b6 11. b3 Bb7 12. Bb2 Rfd8 13. Bxg7 Kxg7 14. d4 cxd4 15. e4 d3 16. Qxd3 Nh6 17. Nfd4 Ng8 18. Nxc6 Bxc6 19. Qd4+ e5 20. Qe3 f5 21. f4 Nf6 22. Nc3 Re8 23. exf5 Bxg2 24. Kxg2 Ng4 25. Qf3 gxf5 26. Rbe1 e4 27. Qe2 Qc6 28. Nd5 b5 29. Qb2+ Kg8 30. Nf6+ Nxf6 31. Qxf6 Rf8 32. Qe6+ Kh8 33. cxb5 Qxb5 34. Qxd6 Qb7 35. Qd4+ Kg8 36. Rd1 Rad8 37. Qc4+ Kh8 38. Rxd8 Rxd8 39. Qc3+ Kg8 40. Qc4+ Kh8 41. Qc3+ 1/2-1/2

[Event "ESP-chT Primera Division 2019"]
[Site "Linares"]
[Date "2019.09.01"]
[Round "7.7"]
[White "Kokarev, Dmitry"]
[Black "Gonzalez Merino, Alberto"]
[Result "1-0"]
[ECO "C18"]
[WhiteElo "2598"]
[BlackElo "2226"]
[Annotator "ChessBase"]
[PlyCount "103"]
[EventDate "2019.08.26"]
[EventType "team-tourn"]
[EventCountry "ESP"]
[SourceTitle "playchess.com"]
[Source "ChessBase"]
[SourceQuality "1"]
[TimeControl "5400+30"]

1. e4 e6 2. d4 d5 3. Nc3 Bb4 4. e5 c5 5. a3 Bxc3+ 6. bxc3 Qc7 7. Qg4 f5 8. Qg3 cxd4 9. cxd4 Ne7 10. Ne2 O-O 11. c3 Nbc6 12. h4 Nd8 13. h5 Nf7 14. h6 g6 15. a4 Kh8 16. Qh4 Ng8 17. g4 Qd8 18. Qxd8 Nxd8 19. Ba3 Rf7 20. gxf5 Rxf5 21. Bh3 Rf7 22. Bg4 Bd7 23. Bd6 Rc8 24. a5 Bb5 25. Bc5 a6 26. Bb6 Ne7 27. Bxd8 Rxd8 28. Bxe6 Rf3 29. Ra3 Nf5 30. Bxf5 gxf5 31. Ng1 Rd3 32. Rh3 Rg8 33. Rxd3 Bxd3 34. Ne2 Rg4 35. Kd2 Bc4 36. Ra1 Rh4 37. Rg1 f4 38. Rg7 Rxh6 39. Rxb7 Rh2 40. Nxf4 Rxf2+ 41. Ke3 Rf1 42. Nh5 Kg8 43. Nf6+ Kf8 44. Nxh7+ Ke8 45. Nf6+ Kf8 46. Rd7 Ra1 47. Kf4 Rf1+ 48. Kg5 Rg1+ 49. Kf5 Bf1 50. Rxd5 Bh3+ 51. Kf4 Rc1 52. Rc5 1-0

[Event "ESP-chT Primera Division 2019"]
[Site "Linares"]
[Date "2019.09.01"]
[Round "7.8"]
[White "Rodriguez Amezqueta, Carlos"]
[Black "Volkov, Sergey"]
[Result "0-1"]
[ECO "D00"]
[WhiteElo "2063"]
[BlackElo "2547"]
[Annotator "ChessBase"]
[PlyCount "82"]
[EventDate "2019.08.26"]
[EventType "team-tourn"]
[EventCountry "ESP"]
[SourceTitle "playchess.com"]
[Source "ChessBase"]
[SourceQuality "1"]
[TimeControl "5400+30"]

1. d4 d5 2. Bf4 c5 3. e3 Nc6 4. c3 Bf5 5. Qb3 Qd7 6. Nf3 c4 7. Qd1 e6 8. Nbd2 b5 9. Be2 Bd6 10. O-O Nge7 11. Bxd6 Qxd6 12. b3 O-O 13. bxc4 bxc4 14. Nh4 Qa3 15. Nxf5 Nxf5 16. Qc2 Nd6 17. Bf3 f5 18. Rab1 Rab8 19. Rxb8 Rxb8 20. Rb1 Rb6 21. Rxb6 axb6 22. Nb1 Qa5 23. g4 g6 24. h4 Kf7 25. h5 Ke7 26. hxg6 hxg6 27. gxf5 gxf5 28. Bg2 Nb8 29. f3 Nd7 30. e4 fxe4 31. fxe4 dxe4 32. Bxe4 Qg5+ 33. Bg2 Nf6 34. Nd2 Qe3+ 35. Kh1 Qe2 36. Qc1 Qe3 37. Qc2 Qf2 38. Qd1 Nd5 39. Bxd5 exd5 40. a4 Nf5 41. Nf1 Nh4 0-1

[Event "ESP-chT Primera Division 2019"]
[Site "Linares"]
[Date "2019.09.01"]
[Round "7.9"]
[White "Cuenca Jimenez, Jose Fernando"]
[Black "Fernandez Gonzalez, Juan Carlos"]
[Result "1-0"]
[ECO "A11"]
[WhiteElo "2515"]
[BlackElo "2396"]
[Annotator "ChessBase"]
[PlyCount "87"]
[EventDate "2019.08.26"]
[EventType "team-tourn"]
[EventCountry "ESP"]
[SourceTitle "playchess.com"]
[Source "ChessBase"]
[SourceQuality "1"]
[TimeControl "5400+30"]

1. c4 c6 2. d4 Nf6 3. Nf3 g6 4. Nc3 d5 5. e3 Bg7 6. Be2 O-O 7. O-O Nbd7 8. Qc2 dxc4 9. Bxc4 Qc7 10. b3 Nb6 11. Be2 Nbd5 12. Bb2 Nxc3 13. Qxc3 Bf5 14. Rac1 Ne4 15. Qc4 Qa5 16. b4 Qb6 17. Ba3 Rfe8 18. Qb3 Rac8 19. Rfd1 Bf6 20. Ne5 Be6 21. Qc2 Nd6 22. Qb1 a5 23. Nc4 Nxc4 24. Bxc4 Bd5 25. Qb3 axb4 26. Bxb4 e6 27. Qc3 Bxc4 28. Qxc4 Ra8 29. Bc5 Qa6 30. Qb3 Be7 31. Bxe7 Rxe7 32. Rd2 Rd7 33. Rb2 Ra7 34. h4 h5 35. Rc4 Rd5 36. Rb4 c5 37. dxc5 Rxc5 38. Qd1 Qc6 39. Qd8+ Kg7 40. Rf4 Rf5 41. Rfb4 Rfa5 42. Qd2 Qa6 43. Qc3+ Kh7 44. Rb6 1-0

[Event "ESP-chT Primera Division 2019"]
[Site "Linares"]
[Date "2019.09.01"]
[Round "7.10"]
[White "Vaya Gomez, Alejandro"]
[Black "Alshameary Puente, Ismael"]
[Result "1-0"]
[ECO "A22"]
[WhiteElo "2032"]
[BlackElo "2444"]
[Annotator "NA"]
[PlyCount "47"]
[EventDate "2019.08.26"]
[EventType "team-tourn"]
[EventCountry "ESP"]
[SourceTitle "playchess.com"]
[Source "ChessBase"]
[SourceQuality "1"]
[TimeControl "5400+30"]

1. c4 e5 2. Nc3 Nf6 3. g3 d5 4. cxd5 Nxd5 5. Bg2 Nb6 6. d3 Be7 7. Nf3 Nc6 8. O-O O-O 9. a3 Re8 10. b4 Bf8 11. Bb2 a5 12. b5 Nd4 13. e3 Nxf3+ 14. Bxf3 a4 15. Rc1 Ra7 16. Qc2 Bh3 17. Rfe1 Qd7 18. Ne4 Qxb5 19. d4 Nc4 20. Qxc4 Qxb2 21. Ng5 Be6 22. d5 Bc8 23. Qxc7 Be7 24. Qxe7 1-0

[Event "ESP-chT Primera Division 2019"]
[Site "Linares"]
[Date "2019.09.01"]
[Round "7.11"]
[White "Cori T., Deysi"]
[Black "Iglesias Ferreira, Andres"]
[Result "1-0"]
[ECO "D20"]
[WhiteElo "2400"]
[BlackElo "1845"]
[Annotator "NA"]
[PlyCount "91"]
[EventDate "2019.08.26"]
[EventType "team-tourn"]
[EventCountry "ESP"]
[SourceTitle "playchess.com"]
[Source "ChessBase"]
[SourceQuality "1"]
[TimeControl "5400+30"]

1. d4 d5 2. c4 dxc4 3. e3 a6 4. Bxc4 b5 5. Qf3 bxc4 6. Qxa8 Be6 7. Nc3 Nf6 8. e4 Bd7 9. Bf4 e6 10. Nge2 Nh5 11. Be3 Bd6 12. e5 Bc6 13. Qa7 Bb4 14. a3 Ba5 15. Qc5 Bb5 16. a4 Nd7 17. Qa3 Bc6 18. O-O Qh4 19. d5 exd5 20. Nd4 Bb7 21. Nf5 Qd8 22. h4 h6 23. Rad1 g6 24. Nxh6 Qe7 25. Qxe7+ Kxe7 26. Nxd5+ Ke6 27. Nc3 Nb6 28. g4 Ng7 29. f4 Bxc3 30. bxc3 Be4 31. Bxb6 Rxh6 32. Bxc7 Bd3 33. Bd8 Ne8 34. Rf3 Rh7 35. Rfxd3 cxd3 36. Rxd3 f5 37. exf6 Nxf6 38. Bxf6 Kxf6 39. Rd6+ Ke7 40. Rxa6 Rxh4 41. Rxg6 Rh3 42. a5 Rxc3 43. Kf2 Ra3 44. a6 Kf7 45. Rb6 Kf8 46. g5 1-0